 Dungeon Crawl Stone Soup version 0.29-a0-22-gbf593b16ee (webtiles) character file.

Game seed: 9230586300867533285

476 bande the Chopper (level 7, -10/44 HPs)
             Began as a Gargoyle Fighter on Jan 30, 2022.
             Mangled by Prince Ribbit (11 damage)
             ... on level 5 of the Dungeon.
             The game lasted 00:08:37 (5554 turns).

bande the Chopper (Gargoyle Fighter)                Turns: 5554, Time: 00:08:38

Health: -10/44     AC: 13    Str: 19    XL:     7   Next: 10%
Magic:  7/7        EV:  5    Int:  9    God:
Gold:   172        SH: 12    Dex: 11    Spells: 6/6 levels left

rFire   . . .      SeeInvis .   a - +0 war axe
rCold   . . .      Faith    .   r - +0 tower shield
rNeg    + . .      Spirit   .   b - +0 scale mail
rPois   ∞          Reflect  .   i - +0 helmet
rElec   +          Harm     .   (no cloak)
rCorr   .          Rampage  .   (no gloves)
Will    .....                   (no boots)
Stlth   ..........              (no amulet)
HPRegen 0.14/turn               (no ring)
MPRegen 0.10/turn               (no ring)

@: no status effects
A: sickness immunity, AC +4, negative energy resistance 1, electricity
resistance, torment resistance 1, petrification resistance
a: no special abilities


You were on level 5 of the Dungeon.
You visited 1 branch of the dungeon, and saw 5 of its levels.

You collected 172 gold pieces.

Inventory:

Hand Weapons
 a - a +0 war axe (weapon)
 l - a +0 war axe
 m - a +0 flail
Armour
 b - a +0 scale mail (worn)
 i - a +0 helmet (worn)
 r - a +0 tower shield (worn)
Jewellery
 k - a ring of fire
Scrolls
 e - 4 scrolls of teleportation
Potions
 d - a potion of might
 f - 2 potions of flight
 g - 2 potions of curing
 h - 2 potions of heal wounds {unknown}
 j - 3 potions of berserk rage
 n - a potion of mutation {unknown}
 o - a potion of cancellation {unknown}
 p - a potion of resistance {unknown}


   Skills:
 + Level 4.4 Fighting
 + Level 5.1 Axes
 + Level 4.9 Armour
 + Level 4.1 Shields


You had 6 spell levels left.
You didn't know any spells.
Your spell library contained the following spells:

 Spells                   Type           Power      Damage    Failure   Level
 Slow                     Hex            0%         N/A       100%        1
 Summon Small Mammal      Summ           0%         N/A       100%        1
 Call Canine Familiar     Summ           0%         N/A       100%        3
 Confusing Touch          Hex            0%         N/A       100%        3
 Summon Guardian Golem    Hex/Summ       0%         N/A       100%        3
 Vampiric Draining        Necr           0%         2d6       100%        3


Dungeon Overview and Level Annotations

Branches:
Dungeon (5/15)
 Temple: D:4-7

Altars:

Annotations:
D:5 Prince Ribbit


Innate Abilities, Weirdness & Mutations

You are immune to sickness and miasma.
Your stone body is resilient. (AC +4)
You are immune to poison.
You resist negative energy. (rN+)
You are resistant to electric shocks. (rElec)
You are resistant to unholy torment.
You are immune to petrification.


Message History

The bullfrog skeleton hits you but does no damage.
Prince Ribbit hits you.
You block the bullfrog skeleton's attack.
There is a stone staircase leading up here.
You hit the bullfrog skeleton.
The bullfrog skeleton is severely damaged.
You closely miss Prince Ribbit. You block Prince Ribbit's attack.
The bullfrog skeleton hits you. Prince Ribbit hits you.
The bullfrog skeleton hits you but does no damage.
Prince Ribbit blinks!
You completely miss the bullfrog skeleton.
The bullfrog skeleton is severely damaged.
You block the bullfrog skeleton's attack.
The bullfrog skeleton hits you.
You slash the bullfrog skeleton!
You destroy the bullfrog skeleton!
Prince Ribbit winks and puckers his lips.
Prince Ribbit blinks!
Prince Ribbit blinks!
There is a stone staircase leading up here.
You closely miss Prince Ribbit. Prince Ribbit closely misses you.
You block Prince Ribbit's attack.
You closely miss Prince Ribbit.
Prince Ribbit blinks!
You block Prince Ribbit's attack.
You miss Prince Ribbit. Prince Ribbit hits you!
You block Prince Ribbit's attack.
You hit Prince Ribbit.
Prince Ribbit is lightly wounded.
You block Prince Ribbit's attack. x2
You hit Prince Ribbit.
Prince Ribbit is moderately wounded.
Prince Ribbit hits you. You block Prince Ribbit's attack.
You closely miss Prince Ribbit.
Prince Ribbit is moderately wounded.
Prince Ribbit hits you!
* * * LOW HITPOINT WARNING * * *
You block Prince Ribbit's attack.
Prince Ribbit hops awkwardly around.
Prince Ribbit hits you!
You die...

. . ....... #. ..
........# #.##.
......)..# .>..
#......... ..
#..##.........
.).##..........<..
....##............
...................
....#..@<..........
. #..F........... .
##.............
..#..............
.......?.........
...........)......
...........)......
..................
<.................


You could see Prince Ribbit.

Vanquished Creatures
  A necrophage (D:3)
  An ogre (D:4)
  A bullfrog skeleton (D:5)
  Natasha (twice) (D:3)
  A hound skeleton (D:4)
  Robin (D:4)
  5 adders
  2 gnolls (D:4)
  An ufetubus (D:4)
  A worm (D:2)
  A dart slug (D:4)
  12 orcs
  A bat (D:1)
  9 endoplasms
  2 giant cockroaches
  23 goblins
  16 hobgoblins
  13 kobolds
  4 quokkas
  8 ball pythons
  5 frilled lizards
  5 rats
115 creatures vanquished.

Vanquished Creatures (others)
  A plant (D:4)
1 creature vanquished.

Grand Total: 116 creatures vanquished

Notes
Turn   | Place    | Note
-------+----------+-------------------------------------------
     0 | D:1      | bande the Gargoyle Fighter began the quest for the Orb.
     0 | D:1      | Reached XP level 1. HP: 14/14 MP: 1/1
   206 | D:1      | Reached XP level 2. HP: 19/19 MP: 2/2
   298 | D:1      | Reached skill level 2 in Axes
   966 | D:2      | Reached XP level 3. HP: 18/23 MP: 3/3
  1593 | D:2      | Reached XP level 4. HP: 28/28 MP: 4/4
  1620 | D:2      | Reached skill level 3 in Axes
  1641 | D:2      | Found a faded altar of an unknown god.
  1996 | D:3      | Noticed Natasha
  2003 | D:3      | Killed Natasha
  2379 | D:3      | Noticed a necrophage
  2388 | D:3      | Killed a necrophage
  2389 | D:3      | Reached skill level 4 in Axes
  2389 | D:3      | Reached XP level 5. HP: 18/33 MP: 5/5
  2411 | D:3      | Noticed Natasha
  2425 | D:3      | Killed Natasha
  3112 | D:4      | Reached XP level 6. HP: 33/38 MP: 6/6
  3184 | D:4      | Noticed Robin
  3215 | D:4      | Killed Robin
  4741 | D:4      | Reached skill level 5 in Axes
  4741 | D:4      | Reached XP level 7. HP: 43/44 MP: 7/7
  5117 | D:5      | Entered Level 5 of the Dungeon
  5122 | D:5      | Noticed Prince Ribbit
  5554 | D:5      | HP: 1/44 [Prince Ribbit (13)]
  5554 | D:5      | Mangled by Prince Ribbit

Illustrated notes

Levels and vault maps discovered:
D:1:      minmay_arrival_diagonal_passages, layout_basic
D:2:      minmay_skewed_foursquare, layout_rooms,
          hellmonk_ecumenical_altar_leap_of_faith
D:3:      layout_basic, uniq_natasha
D:4:      corexii_shantytown, layout_basic, enter_ossuary_1, uniq_robin
D:5:      layout_cave_pools, nicolae_ashenzari_skybound, nicolae_shop_self_help,
          uniq_edmund, uniq_prince_ribbit1

Skill      XL: |  1  2  3  4  5  6 |
---------------+-------------------+-----
Axes           | 2 4 5 |  5.1
Armour         | 4 |  4.9
Fighting       | 4 |  4.4
Shields        | 4 |  4.1

Action                   |  1- 3 |  4- 6 |  7- 9 || total
-------------------------+-------+-------+-------++-------
Melee: War axe           |    99 |   263 |    36 ||   398
  Use: Scroll            |     2 |     3 |     1 ||     6
Armor: Scale mail        |    59 |   114 |    27 ||   200
Dodge: Dodged            |    49 |   101 |     9 ||   159
Block: Buckler           |    17 |    70 |       ||    87
       Tower shield      |       |       |    37 ||    37

Table legend: (Time is in decaauts)
 A = Elapsed time spent in this place.
 B = Non-inter-level travel time spent in this place.
 C = Inter-level travel time spent in this place.
 D = Time resting spent in this place.
 E = Time spent auto-exploring this place.
 F = Levels seen in this place.
 G = Mean time per level.
                   A        B        C        D        E       F      G
               +--------+--------+--------+--------+--------+-----+--------+
         Total |   5725 |   5704 |     21 |   1350 |   3299 |   5 | 1145.0 |
       Dungeon |   5725 |   5704 |     21 |   1350 |   3299 |   5 | 1145.0 |
               +--------+--------+--------+--------+--------+-----+--------+

Top non-repeatable levels by time:
     D:4: 2490 daAuts
     D:3: 1266 daAuts
     D:1: 983 daAuts
     D:2: 933 daAuts
     D:5: 51 daAuts
